 Dungeon Crawl Stone Soup version 0.22.1-5-g62c59d919a (webtiles) character file.

261 NochnoyZador the Cudgeler (level 5, -3/47 HPs)
             Began as a Minotaur Monk on Jan 12, 2019.
             Was a Believer of Okawaru.
             Slain by a slave (7 damage)
             ... led by Pikel
             ... on level 4 of the Dungeon.
             The game lasted 00:12:30 (3378 turns).

NochnoyZador the Cudgeler (Minotaur Monk)           Turns: 3378, Time: 00:12:30

Health: -3/47      AC:  0    Str: 16    XL:     5   Next: 96%
Magic:  2/4        EV: 19    Int:  7    God:    Okawaru [**....]
Gold:   285        SH:  0    Dex: 13    Spells: 4/4 levels left

rFire    . . .     SeeInvis .     - Unarmed
rCold    . . .     Gourm    .   (shield currently unavailable)
rNeg     . . .     Faith    .   (armour currently unavailable)
rPois    .         Spirit   .   (helmet currently unavailable)
rElec    .         Reflect  .   (cloak currently unavailable)
rCorr    .         Harm     .   (gloves currently unavailable)
MR       .....                  (boots currently unavailable)
Stlth    +++.......             y - amulet of rage
HPRegen  0.15/turn              (ring currently unavailable)
MPRegen  0.09/turn              (ring currently unavailable)

@: pig-form, heroism, very quick
A: small, (retaliatory headbutt)
a: Heroism, Renounce Religion, Evoke Berserk Rage


You were on level 4 of the Dungeon.
You worshipped Okawaru.
Okawaru was pleased with you.
You were not hungry.
You were a filthy swine.
You visited 1 branch of the dungeon, and saw 4 of its levels.
You also visited: Sewer.

You collected 285 gold pieces.

Inventory:

Hand Weapons
 o - a +0 dagger
 p - a +0 hunting sling
 u - a +0 glaive
 w - a +0 flail (melded)
Missiles
 d - 146 stones (quivered)
 k - 16 sling bullets
Armour
 b - a +0 pair of boots (melded)
 g - a +0 pair of gloves (melded)
 s - a +0 ring mail (melded)
Jewellery
 n - a +4 ring of protection (melded)
 y - an amulet of rage (around neck)
Wands
 x - a wand of iceblast (14)
 A - a wand of random effects (23)
Scrolls
 e - a scroll of remove curse
 f - a scroll of noise {unknown}
 i - a scroll of fog {unknown}
 j - 3 scrolls of magic mapping
 l - a scroll of amnesia {unknown}
 q - 4 scrolls of identify
 r - 5 scrolls of teleportation
Potions
 a - 2 potions of heal wounds {unknown}
 m - a potion of haste {unknown}
 t - a potion of might {unknown}
 v - 5 potions of flight
 z - a potion of degeneration {unknown}
Comestibles
 c - 11 rations
 h - 8 chunks of flesh


   Skills:
 * Level 4.3(9.3) Fighting
 * Level 7.1(12.1) Maces & Flails
 * Level 2.5(7.5) Armour
 - Level 3.2(8.2) Dodging
 - Level 1.5(6.5) Stealth


You had 4 spell levels left.
You didn't know any spells.
Your spell library was empty.

Dungeon Overview and Level Annotations

Branches:
Dungeon (4/15)
 Temple: D:4-7

Altars:
Hepliaklqana
Okawaru
Vehumet

Annotations:
D:4 Pikel


Innate Abilities, Weirdness & Mutations

((You reflexively headbutt those who attack you in melee.))
((You have a pair of horns on your head.))


Message History

Pikel zaps a wand.
You resist with some effort.
It is a wand of polymorph (17).
You gain the combat prowess of a mighty hero.
The slave hits you but does no damage. x3; Pikel zaps a wand.
You turn into a filthy swine.
Your +0 flail melds into your body.
Your +0 pair of gloves melds into your body.
Your +0 pair of boots melds into your body.
Your +0 ring mail melds into your body.
Your +4 ring of protection melds into your body.
You hit Pikel but do no damage.
Pikel is lightly wounded.
The slave misses you. The slave hits you.
You hit Pikel but do no damage.
Pikel is lightly wounded.
The slave hits you!
* * * LOW HITPOINT WARNING * * *
Pikel cracks his whip.
Pikel zaps a wand.
The slave barely misses you. The slave hits you.
* * * LOW HITPOINT WARNING * * *
The slave hits you!
You die...

.....# . #....# .
#....# #....# #
#....# #%##....#
#.....Kp# ..
####..p.# #.#
###ph####.#
#.....#.# #.....#.#
#.....#.#
#.....#.######.
#...............#
#.#####.######..#
#.#.....#....#..#
#.##.#.##.##.#..#.#


You could see Pikel and 3 slaves.

Vanquished Creatures
  Jessica (D:2)
  A merfolk siren (Sewer)
  A merfolk avatar (Sewer)
  7 adders
  A river rat (Sewer)
  A shadow imp (D:3)
  An ooze (D:3)
  2 worms (D:3)
  A dart slug (D:2)
  5 leopard geckos
  5 orcs
  8 giant cockroaches
  4 goblins
  6 hobgoblins
  3 jackals (D:3)
  4 quokkas
  A ball python (Sewer)
  6 bats
  7 frilled lizards
  6 kobolds
  29 rats
100 creatures vanquished.

Notes
Turn   | Place    | Note
-------+----------+-------------------------------------------
     0 | D:1      | NochnoyZador the Minotaur Monk began the quest for the Orb.
     0 | D:1      | Reached XP level 1. HP: 19/19 MP: 0/0
   421 | D:1      | Reached skill level 4 in Maces & Flails
   798 | D:2      | Reached XP level 2. HP: 19/26 MP: 1/1
   935 | D:2      | Reached skill level 5 in Maces & Flails
  1386 | D:2      | Reached XP level 3. HP: 30/31 MP: 2/2
  1387 | D:2      | Found a hazy altar of Hepliaklqana.
  1437 | D:2      | Found a radiant altar of Vehumet.
  1439 | D:2      | Found an iron altar of Okawaru.
  1456 | D:2      | Became a worshipper of Warmaster Okawaru
  1456 | D:2      | Reached * piety under Okawaru
  1456 | D:2      | Reached ** piety under Okawaru
  1470 | D:2      | Noticed Jessica
  1476 | D:2      | Killed Jessica
  1652 | D:2      | Reached skill level 6 in Maces & Flails
  1652 | D:2      | Reached XP level 4. HP: 39/39 MP: 3/3
  2419 | D:4      | Found a glowing drain.
  2439 | D:4      | Reached XP level 5. HP: 45/46 MP: 4/4
  2446 | D:4      | Reached skill level 1 in Armour
  2452 | Sewer    | Entered a sewer
  2922 | Sewer    | Reached skill level 7 in Maces & Flails
  3364 | D:4      | Noticed a slave
  3364 | D:4      | Noticed Pikel
  3367 | D:4      | Noticed a slave
  3369 | D:4      | Noticed a slave
  3378 | D:4      | Slain by a slave

Skill      XL: |  1  2  3  4  5 |
---------------+----------------+-----
Maces & Flails | 4 5 6 7 |  7.1
Fighting       | 4 |  4.3
Armour         | 2 |  2.5
Dodging        | |  3.2
Stealth        | |  1.5

Action                   |  1- 3 |  4- 6 || total
-------------------------+-------+-------++-------
Melee: Mace              |    46 |       ||    46
       Headbutt          |     8 |    23 ||    31
       Flail             |     8 |   161 ||   169
       Unarmed           |       |     2 ||     2
Invok: Heroism           |       |     3 ||     3
  Use: Scroll            |       |     3 ||     3
 Stab: Sleeping          |     1 |       ||     1
  Eat: Chunk             |     2 |     6 ||     8
Armor: Robe              |     5 |       ||     5
       Ring mail         |     7 |    60 ||    67
Dodge: Dodged            |    43 |    87 ||   130
